 Dungeon Crawl Stone Soup version 0.26.1-13-g052cdd8df3 (webtiles) character file.

Game seed: 4700573690089787908

62 BeavisTheGrey the Grasshopper (level 3, 0/35 HPs)
             Began as a Troll Warper on Feb 7, 2022.
             Slain by a goblin (5 damage)
             ... led by Robin
             ... on level 2 of the Dungeon.
             The game lasted 00:06:58 (812 turns).

BeavisTheGrey the Grasshopper (Troll Warper)         Turns: 812, Time: 00:06:59

Health: 0/35       AC:  6    Str: 20    XL:     3   Next: 85%
Magic:  4/4        EV: 10    Int:  9    God:
Gold:   109        SH:  0    Dex:  9    Spells: 4/4 levels left

rFire    . . .     SeeInvis .   h - +1 spear (venom)
rCold    . . .     Faith    .   (no shield)
rNeg     . . .     Spirit   .   a - +0 robe
rPois    .         Reflect  .   (helmet restricted)
rElec    .         Harm     .   (no cloak)
rCorr    .         Rampage  .   (gloves unavailable)
Will     .....                  (boots unavailable)
Stlth    +.........             (no amulet)
HPRegen  0.51/turn              (no ring)
MPRegen  0.09/turn              (no ring)

@: no status effects
A: large, unfitting armour, claws 3, regeneration 1, shaggy fur 1, tough skin 3
a: no special abilities


You were on level 2 of the Dungeon.
You visited 1 branch of the dungeon, and saw 2 of its levels.

You collected 109 gold pieces.

Inventory:

Hand Weapons
 h - a +1 spear of venom (weapon)
Missiles
 b - 9 poisoned darts
 d - 5 boomerangs of dispersal (quivered)
Armour
 a - a +0 robe (worn)
Scrolls
 c - 2 scrolls of blinking
 f - 2 scrolls of identify {unknown}
 g - a scroll of teleportation {unknown}
 i - a scroll of amnesia {unknown}
Potions
 e - 2 potions of curing {unknown}


   Skills:
 + Level 1.6 Fighting
 + Level 0.8 Throwing
 + Level 2.5 Dodging
 + Level 2.4 Unarmed Combat
 + Level 1.3 Spellcasting
 + Level 2.8 Translocations


You had 4 spell levels left.
You didn't know any spells.
Your spell library contained the following spells:

 Spells                   Type           Power        Failure   Level
 Blink                    Tloc           N/A          17%         2
 Gell's Gravitas          Tloc           2%           32%         3
 Lesser Beckoning         Tloc           2%           32%         3
 Teleport Other           Tloc           5%           32%         3
 Passage of Golubria      Tloc           N/A          73%         4


Dungeon Overview and Level Annotations

Branches:
Dungeon (2/15)

Altars:
Ashenzari

Annotations:
D:2 Robin


Innate Abilities, Weirdness & Mutations

You are too large for most types of armour.
You have claws for hands.
Your natural rate of healing is unusually fast.
You are covered in fur. (AC +1)
You have extremely tough skin. (AC +3)


Message History

You kill the goblin!
The goblin hits you but does no damage.
The hobgoblin hits you but does no damage.
The goblin hits you but does no damage.
You hit the goblin but do no damage.
The goblin is poisoned.
The goblin hits you but does no damage. The hobgoblin hits you with a +0 club.
The goblin barely misses you. Robin throws the goblin at you!
You barely miss the goblin.
The goblin is moderately wounded.
The goblin hits you with a +0 dagger.
* * * LOW HITPOINT WARNING * * *
The hobgoblin hits you with a +0 club.
* * * LOW HITPOINT WARNING * * *
The goblin hits you but does no damage. The goblin hits you with a +0 club.
* * * LOW HITPOINT WARNING * * *
The goblin barely misses you.
Unknown command.
Unknown command.
The goblin hits you.
You die...

####################
..............gg@..#
..............gg##.#
.....##########.# #
.##..#


ggg. .##.... .gg##.# .##.###. #.#.. .. .##.# # ..#.# . .##.. .....# ... ### You
could see Robin, a hobgoblin (strong) and 6 goblins.

Vanquished Creatures
  2 adders (D:2)
  An ooze (D:1)
  2 dart slugs
  2 bats (D:1)
  A giant cockroach (D:1)
  11 goblins
  A hobgoblin (D:1)
  3 jackals
  3 kobolds (D:1)
  A frilled lizard (D:2)
  5 rats (D:1)
32 creatures vanquished.

Notes
Turn   | Place    | Note
-------+----------+-------------------------------------------
     0 | D:1      | BeavisTheGrey the Troll Warper began the quest for the Orb.
     0 | D:1      | Reached XP level 1. HP: 19/19 MP: 1/1
   116 | D:1      | Reached XP level 2. HP: 25/27 MP: 2/2
   491 | D:1      | Reached XP level 3. HP: 33/33 MP: 3/3
   702 | D:2      | Found a broken altar of Ashenzari.
   800 | D:2      | Noticed Robin
   812 | D:2      | Slain by a goblin

Illustrated notes

Levels and vault maps discovered:
D:1:      moated_graveyard_arrival, layout_rooms, dk_noncrumbling_4,
          minmay_split_cup_small
D:2:      layout_loops_ring, yredelemnul_altar_generic, ashenzari_altar_1,
          nicolae_overflow_hidden_temple, uniq_robin

Skill      XL: |  1 |
---------------+----+-----
Dodging        | 2 |  2.5
Fighting       | |  1.6
Throwing       | |  0.8
Unarmed Combat | |  2.4
Spellcasting   | |  1.3
Translocations | |  2.8

Action                   || total
-------------------------++-------
Melee: Unarmed           ||    59
       Spear             ||    31
Armor: Robe              ||    55
Dodge: Dodged            ||    90
